 Dungeon Crawl Stone Soup version 0.22.1-2-g9c5b331 (console) character file.

3519 utis the Nimble (level 9, 0/44 HPs)
             Began as a Felid Venom Mage on Nov 18, 2018.
             Was a Priest of Wu Jian.
             Shot with an arrow by a centaur (16 damage)
             ... on level 15 of the Dungeon.
             The game lasted 01:20:10 (21028 turns).

utis the Nimble (Felid Venom Mage)                 Turns: 21028, Time: 01:20:11

Health: 0/44       AC:  2    Str:  6    XL:     9   Next: 81%
Magic:  7/17       EV: 26    Int: 18    God:    Wu Jian [***...]
Gold:   113        SH:  3    Dex: 17    Spells: 0/17 levels left
                                        Lives:  0   Deaths: 2

rFire    . . .     SeeInvis +     - Unarmed
rCold    . . .     Gourm    .   (shield unavailable)
rNeg     . . .     Faith    .   (armour unavailable)
rPois    +         Spirit   .   (helmet unavailable)
rElec    .         Reflect  +   (cloak unavailable)
rCorr    .         Harm     .   (gloves unavailable)
MR       +++..                  (boots unavailable)
Stlth    +++.......             C - +3 amulet of reflection
HPRegen  0.14/turn              M - ring of protection from magic
MPRegen  0.15/turn              m - ring "Gabodox" {rPois MR+}

@: radiating poison, quick
A: very small, no armour, no weapons or thrown items, stealth, claws 1, fangs 3,
see invisible, carnivore, speed 1, shaggy fur 2, slow metabolism 1, sharp paws
a: Wall Jump, Serpent's Lash, Renounce Religion


You were on level 15 of the Dungeon.
You worshipped Wu Jian.
Wu Jian was most pleased with you.
You were hungry.

You visited 1 branch of the dungeon, and saw 13 of its levels.

You collected 527 gold pieces.
You spent 414 gold pieces at shops.

Inventory:

Hand Weapons
 R - a +2 hand axe of distortion {!w}
Armour
 c - a +0 pair of boots
 p - a +0 pair of gloves
 r - a +0 pair of gloves
 B - the +3 buckler of Uteu {rC+, unknown}
   (You found it on level 7 of the Dungeon)

   It protects you from cold.
 F - a +0 helmet
 J - a +0 cloak
Jewellery
 m - the ring "Gabodox" (right paw) {rPois MR+}
   (You found it on level 6 of the Dungeon)

   [ring of protection from magic]

   It protects you from poison.
   It affects your resistance to hostile enchantments.
 t - an uncursed amulet of harm
 C - a +3 amulet of reflection (around neck)
 D - an uncursed ring of resist corrosion
 M - a ring of protection from magic (left paw)
Wands
 j - a wand of digging (14)
 x - a wand of paralysis (23)
 y - a wand of iceblast (7)
 E - a wand of random effects (30)
 I - a wand of enslavement (19)
 K - a wand of polymorph (8)
Scrolls
 i - 14 scrolls of remove curse {@r2}
 n - a scroll of teleportation {@r4}
 o - 4 scrolls of blinking
 q - 3 scrolls of fog
 z - a scroll of holy word
 A - 2 scrolls of fear {unknown}
 O - a scroll of torment {unknown}
 Q - 3 scrolls of identify {@r1}
Potions
 a - a potion of berserk rage {!q}
 d - a potion of lignification
 e - 6 potions of brilliance
 g - a potion of cancellation
 h - a potion of heal wounds {@q2}
 k - 4 potions of haste {@q3}
 l - a potion of magic
 s - 2 potions of curing {@q1}
 u - a potion of invisibility
 v - 4 potions of flight
 w - a potion of resistance
 N - a potion of agility
 P - a potion of might
Miscellaneous
 H - a lightning rod (4/4)
Comestibles
 b - 15 rations


   Skills:
 - Level 8.1 Fighting
 - Level 10.8 Dodging
 - Level 2.6 Stealth
 - Level 9.2 Unarmed Combat
 + Level 4.7 Spellcasting
 * Level 3.5 Conjurations
 * Level 4.3 Air Magic
 - Level 6.1 Poison Magic
 - Level 2.0 Evocations


You couldn't memorise any spells.
You knew the following spells:

 Your Spells              Type           Power        Failure   Level  Hunger
b - Lightning Bolt        Conj/Air       ###.......   58%         5    ######.
p - Mephitic Cloud        Conj/Pois/Air  ###.....     6%          3    ###....
v - Blink                 Tloc           N/A          21%         2    #......
z - Sting                 Conj/Pois      ###.         1%          1    None
X - Olgreb's Toxic Radia  Pois           ####....     11%         4    ####...
Y - Poisonous Vapours     Pois/Air       ###...       2%          2    #......

Your spell library contained the following spells:

 Spells                   Type           Power        Failure   Level  Hunger
 Shock                    Conj/Air       ###.         2%          1    None
 Magic Dart               Conj           ###.         3%          1    None
 Swiftness                Chrm/Air       ##......     9%          2    #......
 Static Discharge         Conj/Air       ###.....     9%          3    ###....
 Sandblast                Erth           #.....       14%         1    None
 Call Imp                 Summ           #.......     21%         2    #......
 Passwall                 Tmut/Erth      #.......     21%         2    #......
 Slow                     Hex            #.......     21%         2    #......
 Conjure Flame            Conj/Fire      ##......     21%         3    ###....
 Stone Arrow              Conj/Erth      ##....       21%         3    ###....
 Airstrike                Air            ###.......   22%         4    ####...
 Venom Bolt               Conj/Pois      ###.......   45%         5    ######.
 Petrify                  Tmut/Erth      #.......     80%         4    ####...
 Lee's Rapid Deconstruct  Erth           #.........   98%         5    ######.


Dungeon Overview and Level Annotations

Branches:
Dungeon (12/15)            Temple (0/1) D:6            Lair (0/6) D:10
 Depths (0/5) D:15
    Orc: D:9-12

Altars:
Cheibriados
Dithmenos
Fedhas
Gozag
Hepliaklqana
Kikubaaqudgha
Makhleb
Nemelex Xobeh
Okawaru
Ru
Trog
Uskayaw
Wu Jian
Yredelemnul

Shops:
D:8 ?   D:9 =   D:10 *

Annotations:
D:3 1 runed door, Grinder
D:7 1 runed door, Jaiteiro's ghost, novice TrWr
D:10 exclusion: oklob plant


Innate Abilities, Weirdness & Mutations

You cannot wear armour.
You are incapable of wielding weapons or throwing items.
Your paws allow you to move quietly. (Stealth)
You have sharp claws.
You have razor-sharp teeth.
You have supernaturally acute eyesight. (SInv)
You are carnivorous and can eat meat at any time.
You cover ground quickly.
You are covered in thick fur. (AC +2)
You have a slow metabolism.
Your sharp claws are effective at attacking unaware monsters.


Message History

The centaur looks even sicker.
You block the centaur's attack. The centaur misses you.
Unknown command.
You scratch the centaur.
The centaur is moderately wounded.
The centaur looks even sicker. x2
You kill the centaur!
The Council accepts your kill. The centaur misses you.
You scratch the centaur. Your bite misses the centaur.
The centaur is heavily wounded.
The centaur looks as sick as possible!
The centaur is poisoned.
The centaur closely misses you.
You claw the centaur!
You kill the centaur!
The Council accepts your kill.
The centaur looks even sicker.
The centaur shoots an arrow.
The arrow barely misses you.
The centaur wields a shortbow.
The centaur shoots an arrow.
The arrow hits you!
You die...

***,,,,,*,,,,,,⚶...░
***,**,,*,*,,,♣♣➘..*
,,,,,,,,*,*,,,.....************
,,,,,,,,,,****,...,**,,,,,,,,,*
**,,,,,,,** **...***,*******,*
*,,,***,,░░░░░░░€░░░░.░ *,*
*,*,* *,,.......cc.ccc░ *,*
*,*,* **,******░)░***** *,*
*,*,****,* ░░h░░ *,* ,,*,,,,,,*
░░➘..░░ *,*** ,**,,,,***
░░.➘...░░ ****,,,, ******,**
░░.......░░ **,**,***
*****,,,***░.........░***,,,*,,*
,,,,,,,,,,,+..➘.➘....+,,,,,,,,,*
*****,,,***░.........░***,,,*,,*
**,** ░░.......░░ **,*,,,** *,*
░░.....░░ ***,,,,,


You could see 2 centaurs.

Vanquished Creatures
  Harold (D:6)
  A two-headed ogre (D:8)
  A manticore (D:11)
  Maurice (D:9)
  A gargoyle (D:11)
  A troll (D:9)
  2 hippogriffs
  2 wyverns
  9 yaks
  A wraith (D:10)
  A hungry ghost (D:15)
  A basilisk (D:11)
  A soldier ant (D:11)
  A water moccasin (D:5)
  3 orc warriors
  2 sky beasts
  2 phantoms
  4 ogres
  A necrophage (D:9)
  11 centaurs
  2 gnoll sergeants
  5 bullfrogs
  2 elf skeletons (D:7)
  A wyvern skeleton (D:10)
  4 scorpions
  8 wights
  3 human zombies (D:9)
  2 bullfrog zombies
  3 crimson imps
  A howler monkey (D:4)
  A quasit (D:5)
  6 hounds
  5 orc priests
  4 jellies
  2 centaur skeletons
  Jessica (D:2)
  4 bullfrog skeletons
  Terence (D:2)
  3 human skeletons
  5 worker ants
  10 orc wizards
  A hound skeleton (D:10)
  4 mummies (D:9)
  A worker ant zombie (D:6)
  9 adders
  3 shadow imps
  6 oozes
  3 adder skeletons
  4 worms
  A dart slug (D:3)
  8 leopard geckos
  36 orcs
  5 bats
  5 giant cockroaches
  7 goblins
  4 hobgoblins
  9 jackals
  4 quokkas
  A ball python (D:2)
  A ball python skeleton (D:6)
  4 frilled lizards (D:2)
  A jackal skeleton (D:7)
  6 kobolds
  2 orc skeletons (D:7)
  A quokka skeleton (D:6)
  2 rats
248 creatures vanquished.

Notes
Turn   | Place    | Note
-------+----------+-------------------------------------------
     0 | D:1      | utis the Felid Venom Mage began the quest for the Orb.
     0 | D:1      | Reached XP level 1. HP: 7/7 MP: 4/4
    23 | D:1      | Reached skill level 1 in Conjurations
   555 | D:1      | Reached XP level 2. HP: 11/11 MP: 0/6
   686 | D:1      | Learned a level 2 spell: Poisonous Vapours
  1492 | D:2      | Reached XP level 3. HP: 14/14 MP: 2/7
  1720 | D:2      | Found a snail-covered altar of Cheibriados.
  1880 | D:2      | Noticed Jessica
  1881 | D:2      | Killed Jessica
  1881 | D:2      | Reached skill level 1 in Air Magic
  1881 | D:2      | Reached XP level 4. HP: 18/18 MP: 5/8
  1979 | D:2      | Found a burning altar of Makhleb.
  2103 | D:2      | Noticed Terence
  2114 | D:2      | Killed Terence
  2172 | D:2      | Reached XP level 5. HP: 21/21 MP: 1/10
  2425 | D:2      | Learned a level 3 spell: Mephitic Cloud
  3233 | D:3      | Reached skill level 3 in Dodging
  3430 | D:3      | Found an iron altar of Okawaru.
  3481 | D:3      | Reached skill level 1 in Fighting
  3481 | D:3      | Reached skill level 1 in Unarmed Combat
  4216 | D:3      | Found a hide-covered altar of Uskayaw.
  4220 | D:3      | Found a bloodstained altar of Trog.
  4429 | D:3      | Noticed Grinder
  4548 | D:4      | Gained mutation: You are covered in thick fur. (AC +2)
                  | [Felid growth]
  4548 | D:4      | Reached XP level 6. HP: 25/25 MP: 7/11
  4759 | D:4      | Reached skill level 4 in Dodging
  4840 | D:4      | Learned a level 4 spell: Olgreb's Toxic Radiance
  5056 | D:4      | Found an ancient bone altar of Kikubaaqudgha.
  5145 | D:4      | Found an opulent altar of Gozag.
  5145 | D:4      | Found an ornate altar of the Wu Jian Council.
  5673 | D:4      | Became a worshipper of the Wu Jian Council
  5726 | D:5      | Entered Level 5 of the Dungeon
  5794 | D:5      | Found a shadowy altar of Dithmenos.
  5878 | D:5      | Reached XP level 7. HP: 11/30 MP: 12/12
  6400 | D:5      | Found a blossoming altar of Fedhas.
  7099 | D:5      | Reached skill level 1 in Evocations
  7833 | D:4      | facepalm
  8075 | D:3      | Found a runed door.
  8661 | D:6      | Reached skill level 5 in Unarmed Combat
  9468 | D:6      | Reached skill level 5 in Dodging
  9498 | D:6      | Reached XP level 8. HP: 12/34 MP: 0/13
  9886 | D:6      | Found a staircase to the Ecumenical Temple.
  9895 | D:6      | Got a clouded turquoise ring
 10160 | D:6      | Found a shadowy altar of Dithmenos.
 10692 | D:5      | Reached skill level 6 in Dodging
 10693 | D:5      | Identified the ring "Gabodox" {rPois MR+} (You found it on
                  | level 6 of the Dungeon)
 11024 | D:7      | Noticed Harold
 11092 | D:6      | Killed Harold
 11092 | D:6      | Reached skill level 5 in Fighting
 11092 | D:6      | Reached skill level 7 in Dodging
 11092 | D:6      | Reached XP level 9. HP: 11/40 MP: 2/14
 11594 | D:6      | Reached skill level 8 in Dodging
 12448 | D:7      | Found a runed door.
 12448 | D:7      | Noticed Jaiteiro's ghost (novice TrWr)
 12453 | D:7      | Got a heavily runed buckler
 14971 | D:8      | Noticed a two-headed ogre
 15091 | D:8      | Reached skill level 5 in Poison Magic
 15310 | D:8      | Killed a two-headed ogre
 15415 | D:8      | Reached XP level 10. HP: 37/45 MP: 17/17
 16018 | D:8      | Found a sparkling altar of Nemelex Xobeh.
 16097 | D:8      | Reached * piety under Wu Jian
 16133 | D:8      | Found Wituv's Magic Scroll Shoppe.
 16138 | D:8      | Bought a scroll of magic mapping for 45 gold pieces
 16138 | D:8      | Bought a scroll of blinking for 97 gold pieces
 16138 | D:8      | Bought a scroll of blinking for 97 gold pieces
 16138 | D:8      | Bought a scroll of identify for 26 gold pieces
 16388 | D:9      | Found a sacrificial altar of Ru.
 16423 | D:9      | Reached skill level 9 in Dodging
 16727 | D:9      | Found a blossoming altar of Fedhas.
 16798 | D:9      | Found a hazy altar of Hepliaklqana.
 17128 | D:9      | Noticed Maurice
 17143 | D:9      | Killed Maurice
 17143 | D:9      | Reached skill level 10 in Dodging
 17298 | D:9      | Found Nexi's Jewellery Shoppe.
 17669 | D:9      | Found a basalt altar of Yredelemnul.
 17736 | D:9      | Reached ** piety under Wu Jian
 17843 | D:10     | Entered Level 10 of the Dungeon
 18004 | D:10     | Mangled by a yak
 18005 | D:10     | Reached XP level 9. HP: -9/43 MP: 16/16
 18340 | D:10     | Noticed an oklob plant
 18373 | D:10     | Reached XP level 10. HP: 47/48 MP: 17/17
 18388 | D:10     | Found a staircase to the Lair.
 18650 | D:10     | Found Ecixt's General Store.
 18711 | D:10     | Bought a scroll of blinking for 97 gold pieces
 18711 | D:10     | Bought a scroll of identify for 26 gold pieces
 18711 | D:10     | Bought a scroll of identify for 26 gold pieces
 19255 | D:11     | Learned a level 2 spell: Blink
 19261 | D:11     | Learned a level 5 spell: Lightning Bolt
 19689 | D:11     | Reached *** piety under Wu Jian
 20150 | D:11     | Noticed a manticore
 20164 | D:11     | Noticed a gargoyle
 20169 | D:11     | Found Uzienack's Assorted Antiques.
 20178 | D:11     | Killed a manticore
 20511 | D:11     | Killed a gargoyle
 20782 | D:12     | Noticed a cyan ugly thing
 20805 | D:11     | Slain by a cyan ugly thing
 20806 | D:11     | Reached XP level 9. HP: 0/44 MP: 3/17
 20842 | D:12     | You fall through a shaft for 3 floors!
 20842 | D:15     | Entered Level 15 of the Dungeon
 20842 | D:15     | Noticed a manticore
 20842 | D:15     | Noticed a wizard
 21028 | D:15     | Shot with an arrow by a centaur

Skill      XL: |  1  2  3  4  5  6  7  8  9 10 |
---------------+-------------------------------+-----
Conjurations   | 1 3 |  3.5
Poison Magic   | 3 4 6 |  6.1
Air Magic      | 1 2 3 4 |  4.3
Dodging        | 3 4 5 7 8 10 | 10.8
Fighting       | 1 2 3 5 6 8 |  8.1
Unarmed Combat | 1 3 5 6 9 8 |  9.2
Evocations     | 2 |  2.0
Spellcasting   | 4 |  4.7
Stealth        | |  2.6

Action                   |  1- 3 |  4- 6 |  7- 9 | 10-12 || total
-------------------------+-------+-------+-------+-------++-------
Melee: Unarmed           |    17 |    74 |   380 |   394 ||   865
       Bite              |       |     7 |    36 |    48 ||    91
       Punch             |       |     1 |     6 |    12 ||    19
 Cast: Sting             |    24 |       |       |       ||    24
       Poisonous Vapours |    23 |    77 |    79 |   109 ||   288
       Olgreb's Toxic Ra |       |       |     3 |     4 ||     7
       Blink             |       |       |     3 |     1 ||     4
       Mephitic Cloud    |       |       |       |     1 ||     1
Invok: Lunge             |       |       |   170 |    34 ||   204
       Wall Jump         |       |       |    13 |    21 ||    34
       Whirlwind         |       |       |     8 |    37 ||    45
Evoke: Wand              |       |       |     1 |       ||     1
  Use: Scroll            |     4 |     4 |    10 |     9 ||    27
       Potion            |       |       |     4 |     3 ||     7
 Stab: Sleeping          |       |       |     5 |    13 ||    18
       Confused          |       |       |       |     1 ||     1
  Eat: Chunk             |    11 |    12 |    25 |    17 ||    65
Armor: Skin              |     2 |     1 |    22 |    13 ||    38
Dodge: Dodged            |    54 |    77 |   301 |   279 ||   711
Block: Other             |       |       |     8 |    23 ||    31
       Reflection        |       |       |     1 |     1 ||     2
